 Dungeon Sprint DCSS version 0.31-a0-4-gefa6de2278 (webtiles) character file.

Game seed: 12733707412209551948

0 123456 the Shield-Bearer (level 1, -6/19 HPs)
             Began as a Minotaur Fighter on May 4, 2023.
             Mangled by Sigmund
             ... wielding a +0 scythe
              (9 damage)
             ... in the Dungeon (Sprint VI: "Thunderdome").
             The game lasted 00:00:15 (28 turns).

123456 the Shield-Bearer (Minotaur Fighter)           Turns: 28, Time: 00:00:15

Health: -6/19      AC:  6    Str: 20    XL:     1   Next: 0%
Magic:  0/0        EV:  9    Int:  5    God:
Gold:   200        SH:  4    Dex:  9    Spells: 0/0 levels left

rFire   . . .        a - +0 flail
rCold   . . .        c - +0 buckler
rNeg    . . .        b - +0 scale mail
rPois   .            (helmet restricted)
rElec   .            (no cloak)
rCorr   .            (no gloves)
SInv    .            (no boots)
Will    .....        (no amulet) Stlth
                     (no ring)
HPRegen 0.23/turn    (no ring)
MPRegen 0.07/turn

%: no teleportation
@: lethally poisoned (-6 -> -10)
A: horns 2, retaliatory headbutt
a: no special abilities


You were in the Dungeon.
You visited 1 branch You collected 200 gold pieces.

Inventory:

Hand Weapons
 a - a +0 flail (weapon)
Armour
 b - a +0 scale mail (worn)
 c - a +0 buckler (worn)
Wands
 l - a wand of light (5)
 m - a wand of roots (5)
Scrolls
 j - 4 scrolls of blinking
 n - 3 scrolls of fog
Potions
 d - a potion of might
 e - a potion of curing
 f - 4 potions of heal wounds
 g - 4 potions of haste
 h - 2 potions of magic
 i - a potion of berserk rage
 k - a potion of resistance


   Skills:
 * Level 3.6 Fighting
 * Level 2.4 Maces & Flails
 + Level 3.6 Armour
 + Level 0.0 Dodging
 - Level 3.6 Shields


You couldn't memorise any spells.
You didn't know any spells.
Your spell library was empty.

Dungeon Overview and Level Annotations

Branches:
Dungeon (1/1)

Altars:
Cheibriados
Dithmenos
Fedhas
Kikubaaqudgha
Makhleb
Okawaru
Qazlal
Ru
Sif Muna
Trog
Uskayaw
Wu Jian
Yredelemnul
Zin
The Shining One
Lugonu

Shops:
D ?*?*:[((!!!!

Annotations:
D Sigmund


Innate Abilities, Weirdness & Mutations

You have a pair of horns on your head.
You reflexively headbutt those who attack you in melee.


Message History

The scorpion attacks as you move away!
The scorpion stings you but does no damage.
Found a burning altar of Makhleb.
Found a sacrificial altar of Ru.
The scorpion attacks as you move away!
The scorpion stings you but does no damage.
Found Nahyimp's Weapon Rack and Urodus's Premium Goods.
Found two altars.
Sigmund shouts!
The scorpion stings you but does no damage.
The scorpion attacks as you move away! The scorpion stings you.
Found Gofrezxa's Basic Armour and Yjyer's Miscellaneous Merchandise.
You barely miss the scorpion. You block the scorpion's attack.
You hit the scorpion but do no damage. The scorpion barely misses you.
Sigmund mumbles some strange words.
Sigmund flickers and vanishes!
Deactivating autopickup; reactivate with Ctrl-A.
The scorpion barely misses you. You furiously retaliate!
You headbutt the scorpion. You barely miss the scorpion.
The scorpion is moderately wounded.
The scorpion stings you. Something hits you. The scorpion stings you.
You hit the scorpion.
The scorpion is heavily wounded.
Something hits you. The scorpion stings you.
You are poisoned.
The scorpion poisons you!
You hit the scorpion.
The scorpion is severely wounded.
You feel very sick. The scorpion stings you.
* * * LOW HITPOINT WARNING * * *
Something hits you but does no damage. You block the scorpion's attack.
Unknown command.
Unknown command.
You hit the scorpion but do no damage. You headbutt the scorpion.
You kill the scorpion!
* * * LOW HITPOINT WARNING * * *
You feel sick. Something hits you!
You die...

......8.# #.8........∩#
........###............
.....###...###.........
..... #.<.# #.........
..... #...###.........
........###............
......8. #.8........∩#
......###......___∩##
#.8....{.@..8.######
#⌠...........⌠#
###.........###
#_......._# #.........#
#_......._# #∩.......∩#
##∩.....∩##


There were no monsters in sight!

Vanquished Creatures
  A scorpion (D)
1 creature vanquished.

Notes
Turn   | Place    | Note
-------+----------+-------------------------------------------
     0 | D        | 123456 the Minotaur Fighter began the quest for the Orb.
     0 | D        | Reached XP level 1. HP: 19/19 MP: 0/0
     3 | D        | Found an ornate altar of the Wu Jian Council.
     3 | D        | Found a bloodstained altar of Trog.
     4 | D        | Found a shadowy altar of Dithmenos.
     4 | D        | Found a shimmering blue altar of Sif Muna.
     5 | D        | Found a stormy altar of Qazlal.
     5 | D        | Found an ancient bone altar of Kikubaaqudgha.
     5 | D        | Round 1.
     6 | D        | Found a hide-covered altar of Uskayaw.
     6 | D        | Found Uptu's Magic Scroll Shop.
     6 | D        | Found Hoczot's Staff Store.
     7 | D        | Found Lagasman's Magic Scroll Shop.
     7 | D        | Found Sunaamn's Must-Have Magic.
    11 | D        | Found a snail-covered altar of Cheibriados.
    12 | D        | Found a basalt altar of Yredelemnul.
    12 | D        | Noticed a scorpion
    13 | D        | Found a corrupted altar of Lugonu.
    13 | D        | Noticed Sigmund
    14 | D        | Found Zylliwna's Distillery.
    14 | D        | Found an iron altar of Okawaru.
    14 | D        | Found a blossoming altar of Fedhas.
    14 | D        | Found Biran's Do-It-Yourself Clinic.
    15 | D        | Found Plog's Distillery.
    15 | D        | Found Reroommotwo's Bottled Wisdom.
    18 | D        | Found a burning altar of Makhleb.
    20 | D        | Found a sacrificial altar of Ru.
    21 | D        | Found a glowing silver altar of Zin.
    21 | D        | Found a glowing golden altar of the Shining One.
    21 | D        | Found Nahyimp's Weapon Rack.
    21 | D        | Found Urodus's Premium Goods.
    22 | D        | Found Gofrezxa's Basic Armour.
    22 | D        | Found Yjyer's Miscellaneous Merchandise.
    28 | D        | Killed a scorpion
    28 | D        | Mangled by Sigmund

Illustrated notes

Levels and vault maps discovered:
D:        arena_sprint

Action                     || total
---------------------------++-------
  Melee: Flail             ||     6
         Headbutt          ||     1
 Armour: Scale mail        ||     5
  Dodge: Dodged            ||     3
  Block: Buckler           ||     3

Table legend: (Time is in decaauts)
 A = Elapsed time spent in this place.
 B = Non-inter-level travel time spent in this place.
 C = Inter-level travel time spent in this place.
 D = Time resting spent in this place.
 E = Time spent auto-exploring this place.
 F = Levels seen in this place.
 G = Mean time per level.
                   A        B        C        D        E       F      G
               +--------+--------+--------+--------+--------+-----+--------+
         Total |     29 |     29 |      0 |      0 |      0 |   1 |   29.0 |
       Dungeon |     29 |     29 |      0 |      0 |      0 |   1 |   29.0 |
               +--------+--------+--------+--------+--------+-----+--------+

Top non-repeatable levels by time:
       D: 29 daAuts
